 Dungeon Crawl Stone Soup version 0.30-a0-852-g08b95dd62f (webtiles) character file.

Game seed: 12530455170114603730

2420 ProzacElf the Basher (level 9, -17/71 HPs)
             Began as an Armataur Reaver on Mar 5, 2023.
             Was an Elder of Kikubaaqudgha.
             Demolished by Duvessa
             ... wielding a +2 rapier of freezing
              (22 damage)
             ... on level 6 of the Dungeon.
             The game lasted 00:20:33 (5981 turns).

ProzacElf the Basher (Armataur Reaver)              Turns: 5981, Time: 00:20:34

Health: -17/71     AC:  9    Str: 22    XL:     9   Next: 24%
Magic:  0/12       EV:  9    Int: 20    God:    Kikubaaqudgha [****..]
Gold:   91         SH:  0    Dex:  9    Spells: 8/12 levels left

rFire   . . .      SeeInvis .    a - +3 mace (holy)
rCold   . . .      Faith    .    (no shield)
rNeg    . . .      Spirit   +    o - +1 leather armour "Opavionk" {Str+2 Int+5}
rPois   .          Reflect  .    k - +2 hat
rElec   .          Roll     +    t - scarf {repulsion}
rCorr   .                        m - +1 pair of gloves
Will    .....                    (no barding)
Stlth   +                        x - amulet of guardian spirit
HPRegen 0.31/turn                (no ring)
MPRegen 0.13/turn                (no ring)

@: invisible, repel missiles
A: large, rugged brown scales 3, deformed body, armoured tail, roll, long
tongue, awkward tongue
a: Renounce Religion, Unearth Wretches


You were on level 6 of the Dungeon.
You worshipped Kikubaaqudgha.
Kikubaaqudgha was greatly pleased with you.
You visited 1 branch of the dungeon, and saw 7 of its levels.
You also visited: Sewer.

You collected 239 gold pieces.
You spent 148 gold pieces at shops.

Inventory:

Hand Weapons
 a - a +3 mace of holy wrath (weapon)
 b - a +0 short sword of venom
 c - a +0 sling
 e - a +3 scimitar of protection
 l - a +0 glaive
 p - a +0 flail
Missiles
 f - 61 stones
 i - 8 boomerangs
 C - a throwing net
 F - 14 poisoned darts (quivered)
 K - 3 datura-tipped darts
Armour
 k - a +2 hat (worn)
 m - a +1 pair of gloves (worn)
 o - the +1 leather armour "Opavionk" (worn) {Str+2 Int+5}
   (You found it on level 2 of the Dungeon)

   Str:       It affects your strength (+2).
   Int:       It affects your intelligence (+5).
 q - a +0 cloak
 r - a +0 chain mail
 t - a scarf of repulsion (worn)
 w - a +2 leather armour of fire resistance
 y - a +0 troll leather armour {Pargi}
Jewellery
 x - an amulet of guardian spirit (around neck)
Wands
 u - a wand of polymorph (1)
 L - a wand of roots (7)
Scrolls
 h - 2 scrolls of poison
 j - 4 scrolls of fog
 s - a scroll of immolation
 z - 2 scrolls of identify
 B - 2 scrolls of blinking
 E - 2 scrolls of enchant armour
Potions
 d - 3 potions of degeneration
 g - a potion of ambrosia {!e}
 n - 3 potions of lignification
 v - 2 potions of invisibility
 A - a potion of curing
 D - 2 potions of cancellation
 G - a potion of resistance
 H - 4 potions of might
 I - 2 potions of haste
 J - a potion of brilliance


   Skills:
 + Level 2.1 Fighting
 - Level 10.0 Maces & Flails
 + Level 1.0 Throwing
 + Level 1.7 Dodging
 - Level 2.0 Spellcasting
 - Level 3.0 Conjurations
 - Level 5.0 Necromancy


You had 8 spell levels left.
You knew the following spells:

 Your Spells              Type           Power      Damage    Failure   Level
a - Kiss of Death         Conj/Necr      72%        2d10      3%          1
b - Momentum Strike       Conj/Tloc      16%        3d8       14%         2
z - Necrotise             Necr           88%        1d8       2%          1

Your spell library contained the following spells:

 Spells                   Type           Power      Damage    Failure   Level
 Vampiric Draining        Necr           22%        2d7       7%          3
 Animate Dead             Necr           22%        N/A       22%         4
 Dispel Undead            Necr           22%        3d12      22%         4
 Hailstorm                Conj/Ice       8%         3d4       28%         3
 Anguish                  Hex/Necr       6%         N/A       54%         4
 Agony                    Necr           22%        N/A       54%         5
 Death Channel            Necr           11%        N/A       98%         6
 Simulacrum               Ice/Necr       6%         N/A       100%        6
 Enfeeble                 Hex            1%         N/A       100%        7


Dungeon Overview and Level Annotations

Branches:
Dungeon (7/15)              Sewer (visited)
 Temple: D:4-7

Altars:
Ashenzari
Fedhas
Kikubaaqudgha
Makhleb
Trog
Zin

Shops:
D:3 (   D:6 ?   D:7 (

Annotations:
D:6 Duvessa
D:7 Prince Ribbit


Innate Abilities, Weirdness & Mutations

You are completely covered in rugged brown scales. (AC +3, +7% HP)
Armour fits poorly on your strangely shaped body.
You have a long armoured tail.
You roll when moving toward enemies. (Rampage)
Your long tongue fully drains potion bottles. (2x potion effects)
Your tongue gives you trouble enunciating. (1.5x scroll delay)


Message History

Duvessa hits ye wit' a +2 rapier o' freezin'.
Duvessa freezes ye.
Duvessa hits ye but does nay damage.
Ye take 4 damage, an' haf 43/71 hp.
Ye now haf 5/12 mp.
Ye hit Duvessa but do nay damage.
Duvessa hits ye wit' a +2 rapier o' freezin'.
Duvessa freezes ye.
Ye take 6 damage, an' haf 37/71 hp.
Ye now haf 4/12 mp.
Duvessa hits ye wit' a +2 rapier o' freezin'!
Duvessa freezes ye.
Thar be a stone staircase leadin' up, spatt'red wit' blood 'ere.
Ye take 11 damage, an' haf 26/71 hp.
Ye now haf 1/12 mp.
Duvessa hits ye wit' a +2 rapier o' freezin'.
Duvessa freezes ye.
* * * LOW HITPOINT WARNIN'
* * * Ye climb upwards.
Thar be a stone staircase leadin' down 'ere.
Ye take 5 damage, an' haf 21/71 hp.
Ye slurp down ev'ry last drop o' tha potion o' invisibility!
Ye fade inta invisibility!
Duvessa closely misses ye.
Duvessa barely misses ye.
Ye catch tha helpless Duvessa completely off-guard!
Ye hit Duvessa.
Yer tail-slap misses Duvessa.
Duvessa be lightly wounded.
Duvessa barely misses ye.
Ye sock Duvessa!
Duvessa be moderately wounded.
Duvessa hits ye wit' a +2 rapier o' freezin'!
* * * LOW HITPOINT WARNIN'
* * * Duvessa freezes ye.
* * * LOW HITPOINT WARNIN'
* * * Ye take 13 damage, an' haf 9/71 hp.
Ye now haf 1/12 mp.
Ye slurp down ev'ry last drop o' tha potion o' curin'!
Ye feel better.
Duvessa hits ye wit' a +2 rapier o' freezin'!
* * * LOW HITPOINT WARNIN'
* * * Duvessa freezes ye.
* * * LOW HITPOINT WARNIN'
* * * Duvessa hits ye wit' a +2 rapier o' freezin'!!
Ye die...
Kikubaaqudgha rasps: "Ye haf failed me!
Welcome... death!"

#########...##.....#
.....<.#...........#
.......#...........#
.......#....########
.##...#<....##....##
#######.....##.....#
#.....##.....#
#....รท.......#
#.........@..#
#..........e.#
##############


You could see Duvessa (berserk, unable to see you).

Vanquished Creatures
  Sigmund (D:6)
  3 yaks (D:6)
  Menkaure (D:5)
  Pargi (Sewer)
  3 black bears
  A sky beast (D:7)
  2 ogres
  A phantom (D:4)
  A kobold brigand (D:6)
  3 bullfrogs
  Blork the orc (D:4)
  2 scorpions (D:5)
  Dowan (D:7)
  A hound (D:5)
  An orc priest (D:4)
  A jelly (D:6)
  Ijyb (D:5)
  2 sleepcaps
  2 orc wizards
  7 gnolls
  10 adders
  A river rat (D:5)
  A white imp (D:6)
  An ufetubus (D:4)
  5 worms
  3 dart slugs
  8 orcs
  A bat zombie (D:3)
  8 endoplasms
  2 giant cockroaches (D:2)
  5 goblins
  5 hobgoblins
  6 jackals (D:3)
  3 quokkas
  8 ball pythons
  4 bats (D:3)
  14 frilled lizards
  9 kobolds
  24 rats
  2 rat zombies (D:3)
156 creatures vanquished.

Notes
Turn   | Place    | Note
-------+----------+-------------------------------------------
     0 | D:1      | ProzacElf the Armataur Reaver began the quest for the Orb.
     0 | D:1      | Reached XP level 1. HP: 18/18 MP: 3/3
   189 | D:1      | Reached XP level 2. HP: 24/25 MP: 5/5
   341 | D:1      | Reached skill level 3 in Maces & Flails
   422 | D:1      | Found a faded altar of an unknown god.
   430 | D:1      | Prayed at the altar of an unknown god.
   430 | D:1      | Became a worshipper of Kikubaaqudgha
   430 | D:1      | Reached * piety under Kikubaaqudgha
   430 | D:1      | Received a gift from Kikubaaqudgha
   433 | D:1      | Learned a level 1 spell: Necrotise
   436 | D:1      | Learned a level 2 spell: Momentum Strike
   779 | D:1      | Reached XP level 3. HP: 26/31 MP: 6/6
   806 | D:2      | Reached skill level 1 in Necromancy
   973 | D:2      | Identified the +1 leather armour "Opavionk" {Str+2 Int+5}
  1132 | D:2      | Reached XP level 4. HP: 30/38 MP: 7/7
  1408 | D:2      | Reached skill level 4 in Maces & Flails
  1587 | D:2      | Reached ** piety under Kikubaaqudgha
  1699 | D:3      | Found a blossoming altar of Fedhas.
  1739 | D:3      | Reached XP level 5. HP: 41/43 MP: 8/8
  1783 | D:3      | Found Kuygraph's Weapon Shoppe.
  1902 | D:3      | Found an ancient bone altar of Kikubaaqudgha.
  2009 | D:3      | Found a burning altar of Makhleb.
  2016 | D:3      | Found a glowing silver altar of Zin.
  2016 | D:3      | Noticed a green death
  2016 | D:3      | Noticed an angel
  2298 | D:4      | Noticed Blork the orc
  2309 | D:4      | Killed Blork the orc
  2705 | D:4      | Reached XP level 6. HP: 38/51 MP: 6/9
  3321 | D:4      | Reached *** piety under Kikubaaqudgha
  3321 | D:4      | Received a gift from Kikubaaqudgha
  3382 | D:4      | Reached skill level 5 in Maces & Flails
  3776 | D:5      | Entered Level 5 of the Dungeon
  3800 | D:5      | Reached XP level 7. HP: 52/56 MP: 10/10
  3837 | D:5      | Noticed Menkaure
  3845 | D:5      | Killed Menkaure
  3846 | D:5      | Reached skill level 6 in Maces & Flails
  3919 | D:5      | Found a bloodstained altar of Trog.
  3997 | D:5      | Noticed Ijyb
  4029 | D:5      | Killed Ijyb
  4227 | D:5      | Reached skill level 5 in Necromancy
  4284 | D:5      | Found a glowing drain.
  4289 | Sewer    | Entered a sewer
  4378 | Sewer    | Noticed Pargi
  4393 | Sewer    | Killed Pargi
  4393 | Sewer    | Reached **** piety under Kikubaaqudgha
  4394 | Sewer    | Reached skill level 7 in Maces & Flails
  4394 | Sewer    | Reached XP level 8. HP: 45/64 MP: 6/11
  4511 | D:5      | Found the +18 Lear's hauberk
  4892 | D:6      | Found Baij's Magic Scroll Shop.
  4904 | D:6      | Bought a scroll of blinking for 82 gold pieces
  4904 | D:6      | Bought a scroll of identify for 22 gold pieces
  4904 | D:6      | Bought a scroll of identify for 22 gold pieces
  4904 | D:6      | Bought a scroll of identify for 22 gold pieces
  4936 | D:6      | Noticed Sigmund
  4951 | D:6      | Reached skill level 8 in Maces & Flails
  4961 | D:6      | Killed Sigmund
  5180 | D:6      | Reached skill level 9 in Maces & Flails
  5219 | D:6      | Reached XP level 9. HP: 19/71 MP: 3/12
  5460 | D:6      | Found a broken altar of Ashenzari.
  5740 | D:7      | Found Bouxegel's Antique Weapon Shop.
  5778 | D:7      | Noticed Dowan
  5805 | D:7      | Killed Dowan
  5806 | D:7      | Reached skill level 10 in Maces & Flails
  5935 | D:7      | Noticed Prince Ribbit
  5957 | D:7      | Reached skill level 1 in Throwing
  5970 | D:7      | Noticed Duvessa
  5981 | D:6      | Demolished by Duvessa

Illustrated notes

Levels and vault maps discovered:
D:1:      minmay_arrival_five_plusses, layout_basic, basic_ecumenical_altar,
          kennysheep_crisscross
D:2:      layout_loops_ring, minmay_misc_feat_pillars
D:3:      layout_rooms, grunt_temple_overflow_order_and_chaos_2,
          mainiacjoe_overflow_alcove_4, lemuel_zombie_altar_kikubaaqudgha,
          serial_shops, shop
D:4:      layout_loops_ring, minmay_rat_hole, uniq_blork_the_orc
D:5:      layout_basic, mainiacjoe_overflow_surrounded_room,
          lightli_sewer_entry_pipes, kennysheep_nondescript,
          minmay_misc_feat_chi, uniq_menkaure, uniq_ijyb
D:6:      layout_gridville, mainiacjoe_overflow_cross_hatched, serial_shops,
          shop, hangedman_glass_teeth, uniq_sigmund
D:7:      layout_basic, minmay_temple_entry_ruins, serial_shops, shop,
          uniq_duvessa, uniq_prince_ribbit1, uniq_pikel

Skill      XL: |  1  2  3  4  5  6  7  8  9 |
---------------+----------------------------+-----
Spellcasting   | 2 |  2.0
Maces & Flails | 3 4 5 7 9 10 | 10.0
Conjurations   | 3 |  3.0
Necromancy     | 1 2 3 5 |  5.0
Fighting       | 2 |  2.1
Throwing       | 1 |  1.0
Dodging        | |  1.7

Action                     |  1- 3 |  4- 6 |  7- 9 || total
---------------------------+-------+-------+-------++-------
  Melee: Mace              |    87 |   172 |   210 ||   469
         Tailslap          |     8 |    26 |    27 ||    61
         Punch             |     3 |     2 |     2 ||     7
         Flail             |    10 |       |       ||    10
         Unarmed           |       |       |    18 ||    18
         Short sword       |       |       |    29 ||    29
  Throw: Dart              |       |     4 |     4 ||     8
   Cast: Necrotise         |       |       |    11 ||    11
         Kiss of Death     |       |       |     2 ||     2
         Momentum Strike   |       |       |     1 ||     1
    Use: Scroll            |       |    11 |     9 ||    20
         Potion            |       |       |     5 ||     5
   Stab: Invisible         |       |       |     1 ||     1
 Armour: Leather armour    |    19 |    74 |   116 ||   209
         Ring mail         |    31 |       |       ||    31
         Skin              |       |       |    11 ||    11
  Dodge: Dodged            |    38 |    70 |   124 ||   232
         Repelled          |       |       |     3 ||     3

Table legend: (Time is in decaauts)
 A = Elapsed time spent in this place.
 B = Non-inter-level travel time spent in this place.
 C = Inter-level travel time spent in this place.
 D = Time resting spent in this place.
 E = Time spent auto-exploring this place.
 F = Levels seen in this place.
 G = Mean time per level.
                   A        B        C        D        E       F      G
               +--------+--------+--------+--------+--------+-----+--------+
         Total |   6051 |   5750 |    301 |   1295 |   2764 |   8 |  756.4 |
       Dungeon |   5858 |   5557 |    301 |   1234 |   2707 |   7 |  836.9 |
         Sewer |    192 |    192 |      0 |     61 |     57 |   1 |  192.0 |
               +--------+--------+--------+--------+--------+-----+--------+

Top non-repeatable levels by time:
     D:4: 1123 daAuts
     D:2: 1093 daAuts
     D:5: 935 daAuts
     D:6: 879 daAuts
     D:1: 813 daAuts
     D:3: 802 daAuts
     D:7: 210 daAuts
   Sewer: 192 daAuts
